 Dungeon Crawl Stone Soup version 0.21.0-3-g78d12a8 (console) character file.

32 removed the Vandal (level 3, -1/28 HPs)
             Began as a Vampire Hunter on Jan 11, 2018.
             Slain by Sigmund
             ... wielding a +0 scythe
              (11 damage)
             ... on level 2 of the Dungeon.
             The game lasted 00:02:17 (1101 turns).

removed the Vandal (Vampire Hunter)                 Turns: 1101, Time: 00:02:18

Health: -1/28      AC:  4    Str: 11    XL:     3   Next: 8%
Magic:  3/3        EV: 12    Int: 14    God:    Xom [..*...]
Gold:   41         SH:  0    Dex: 14    Spells: 2/2 levels left

rFire    . . .     SeeInvis +   a - +1 hunting sling
rCold    . . .     Gourm    .   (no shield)
rNeg     + . .     Faith    .   c - +0 leather armour
rPois    .         Spirit   .   (no helmet)
rElec    .         Reflect  .   m - +0 cloak
rCorr    .         Harm     .   (no gloves)
MR       .....                  (no boots)
Stlth    +.........             (no amulet)
HPRegen  0.09/turn              (no ring)
MPRegen  0.08/turn              (no ring)

@: confused
A: fangs 3, see invisible, unbreathing
a: Bat Form, Renounce Religion


You were on level 2 of the Dungeon.
You worshipped Xom.
You were a toy of Xom.
You were not thirsty.

You visited 1 branch of the dungeon, and saw 2 of its levels.

You collected 41 gold pieces.

Inventory:

Hand Weapons
 a - a +1 hunting sling (weapon)
 b - a +0 short sword
 g - a +0 club
 i - a +0 dagger
Missiles
 d - 11 sling bullets (quivered)
 f - 77 stones
Armour
 c - a +0 leather armour (worn)
 m - a +0 cloak (worn)
Scrolls
 h - a scroll of fog {unknown}
 l - a scroll of amnesia {unknown}
 n - a scroll of identify {unknown}
 p - a scroll of remove curse {unknown}
Potions
 e - 8 potions of blood
 j - a potion of invisibility {unknown}
 k - a potion of brilliance {unknown}
 o - a potion of ambrosia {unknown}


   Skills:
 - Level 2.8 Fighting
 - Level 3.2 Slings
 + Level 2.9 Dodging
 - Level 1.5 Stealth


You had 2 spell levels left.
You didn't know any spells.

Dungeon Overview and Level Annotations

Branches:
Dungeon (2/15)

Altars:
Kikubaaqudgha
Makhleb
Qazlal
Sif Muna
Xom
Yredelemnul

Annotations:
D:2 Sigmund, Terence


Innate Abilities, Weirdness & Mutations

You have razor-sharp teeth.
You have supernaturally acute eyesight. (SInv)
You can survive without breathing.


Message History

Aim: Sigmund, wielding a scythe and wearing a robe (heavily wounded, fast)
You shoot a sling bullet. The sling bullet hits Sigmund.
Sigmund is severely wounded.
Sigmund completely misses you.
Firing (i - inventory. (,) - cycle):
d - 12 sling bullets (quivered)
Press: ? - help, Shift-Dir - straight line, f/p - Sigmund
Aim: Sigmund, wielding a scythe and wearing a robe (severely wounded, fast)
You shoot a sling bullet. The sling bullet barely misses Sigmund.
Sigmund points at you and mumbles some strange words.
You are confused.
Sigmund casts a spell.
Sigmund flickers and vanishes for a moment.
You bump into the rock wall.
Sigmund flickers, as though insubstantial.
Sigmund closely misses you. Sigmund casts a spell at you.
The puff of flame misses you. Sigmund closely misses you.
Sigmund hits you from afar with a scythe!
You die...
Xom giggles madly!

..........##(..###...#
##........##.....#...#
#........###......####
######.### ###........
#..######.##.####
##..##........... .
##.##.##..###.....
#########.##.##.####.._..
)...............@.@(._8_.
########..........#.(._..
#..........# ...(.
##..##.##### ##.# ##.##.#
# #....# ######


You could see Sigmund (invisible).

Vanquished Creatures
  An adder (D:2)
  A dart slug (D:1)
  2 giant cockroaches (D:1)
  2 goblins (D:1)
  A hobgoblin (D:2)
  3 jackals (D:1)
  A bat (D:2)
  2 frilled lizards
  6 kobolds
  A rat (D:1)
20 creatures vanquished.

Notes
Turn   | Place    | Note
-------+----------+-------------------------------------------
     0 | D:1      | removed the Vampire Hunter began the quest for the Orb.
     0 | D:1      | Reached XP level 1. HP: 16/16 MP: 1/1
   156 | D:1      | Reached XP level 2. HP: 23/23 MP: 2/2
   761 | D:2      | Found a basalt altar of Yredelemnul.
   784 | D:2      | Noticed Terence
   995 | D:2      | Found a faded altar of an unknown god.
  1014 | D:2      | Became a worshipper of Xom of Fickle Intent
  1016 | D:2      | Reached XP level 3. HP: 17/28 MP: 3/3
  1082 | D:2      | Found a burning altar of Makhleb.
  1083 | D:2      | Found a deep blue altar of Sif Muna.
  1084 | D:2      | Found a stormy altar of Qazlal.
  1084 | D:2      | Found an ancient bone altar of Kikubaaqudgha.
  1084 | D:2      | Noticed Sigmund
  1101 | D:2      | Slain by Sigmund

Skill      XL: |  1 |
---------------+----+-----
Fighting       | 2 |  2.8
Slings         | |  3.2
Dodging        | |  2.9
Stealth        | |  1.5

Action                   || total
-------------------------++-------
Melee: Short sword       ||     1
 Fire: Hunting sling     ||    61
  Use: Potion            ||     3
Armor: Leather armour    ||     3
Dodge: Dodged            ||    28
